 Dungeon Crawl Stone Soup version 0.21-a0-529-g8c7b3f5 (webtiles) character file.

6156 Othello the Cleaver (level 10, 0/86 HPs)
             Began as a Hill Orc Fighter on Dec 11, 2017.
             Was a Priest of Okawaru.
             Slain by pigah's ghost (12 damage)
             ... on level 10 of the Dungeon.
             The game lasted 00:20:41 (11136 turns).

Othello the Cleaver (Hill Orc Fighter)             Turns: 11136, Time: 00:20:42

Health: 0/86       AC: 19    Str: 28    XL:     10   Next: 90%
Magic:  13/15      EV:  4    Int:  8    God:    Okawaru [***...]
Gold:   373        SH:  8    Dex: 10    Spells: 9/9 levels left

rFire    . . .     SeeInvis .   a - +1 war axe
rCold    . . .     Gourm    .   c - +0 shield
rNeg     . . .     Faith    .   Q - +0 plate armour
rPois    +         Spirit   .   w - +2 hat
rElec    .         Reflect  .   M - +0 cloak
rCorr    .         Harm     .   (no gloves)
MR       .....                  (no boots)
Stlth    ..........             G - amulet of rage
HPRegen  0.24/turn              r - +4 ring of protection
MPRegen  0.14/turn              e - ring of poison resistance

@: mighty, heroism, berserk cooldown, slowed, extremely drained, very slow
A: no striking features
a: Heroism, Renounce Religion, Evoke Berserk Rage


You were on level 10 of the Dungeon.
You worshipped Okawaru.
Okawaru was most pleased with you.
You were very hungry.

You visited 2 branches of the dungeon, and saw 11 of its levels.
You also visited: Sewer.

You collected 373 gold pieces.

Inventory:

Hand Weapons
 a - a +1 war axe (weapon)
 v - a +2 morningstar of holy wrath
Armour
 c - a +0 shield (worn)
 s - a +0 chain mail of cold resistance
 w - a +2 hat (worn)
 M - a +0 cloak (worn)
 Q - a +0 plate armour (worn)
Jewellery
 e - a ring of poison resistance (right hand)
 o - an uncursed ring of protection from cold
 r - a +4 ring of protection (left hand)
 C - the ring of the Philosopher {Int+3 Stlth-}
   (You found it on level 6 of the Dungeon)

   [ring of loudness]

   It affects your intelligence (+3).
   It makes you less stealthy.
 F - an uncursed ring of resist corrosion
 G - an amulet of rage (around neck)
 L - an uncursed ring of positive energy
Wands
 b - a wand of paralysis (15)
 K - a wand of clouds (4)
 P - a wand of flame (36)
Scrolls
 m - 6 scrolls of teleportation
 n - 2 scrolls of amnesia
 p - 5 scrolls of magic mapping
 q - a scroll of blinking {unknown}
 x - a scroll of random uselessness {unknown}
 y - 2 scrolls of enchant armour {unknown}
 A - a scroll of noise {unknown}
 B - 5 scrolls of identify
 D - 2 scrolls of enchant weapon
 E - a scroll of fear {unknown}
 J - 2 scrolls of fog
Potions
 d - 4 potions of might
 h - 4 potions of flight {unknown}
 i - 3 potions of heal wounds
 j - 14 potions of curing {unknown}
 k - 3 potions of lignification
 l - 2 potions of degeneration
 t - 2 potions of resistance {unknown}
 u - 4 potions of agility {unknown}
 N - a potion of magic {unknown}
Comestibles
 f - 5 bread rations
 g - a meat ration
 z - 2 fruits
 H - 7 chunks of flesh


   Skills:
 - Level 7.5(3.3) Fighting
 - Level 11.8(6.7) Axes
 - Level 10.0(5.2) Armour
 - Level 3.2(0.0) Shields
 - Level 7.0(0.0) Invocations
 + Level 6.6(0.0) Evocations


You had 9 spell levels left.
You didn't know any spells.

Dungeon Overview and Level Annotations

Branches:
Dungeon (10/15)            Temple (1/1) D:6            Lair (0/6) D:9
    Orc: D:9-12

Altars:
Ashenzari
Cheibriados
Dithmenos
Elyvilon
Fedhas
Gozag
Hepliaklqana
Kikubaaqudgha
Makhleb
Nemelex Xobeh
Okawaru
Qazlal
Ru
Sif Muna
Trog
Uskayaw
Vehumet
Wu Jian
Xom
Yredelemnul
Zin
The Shining One

Shops:
D:8 %

Annotations:
D:10 pigah's ghost, journeyman DrWn


Message History

You feel very mighty all of a sudden.
You feel like a meek peon again. You block pigah's ghost's attack.
Pigah's ghost hits you!
You feel drained.
* * * LOW HITPOINT WARNING * * *
You gain the combat prowess of a mighty hero.
Pigah's ghost hits you.
* * * LOW HITPOINT WARNING * * *
You feel drained.
* * * LOW HITPOINT WARNING * * *
You closely miss pigah's ghost.
Pigah's ghost is severely damaged.
Pigah's ghost hits you but does no damage.
You feel drained. Pigah's ghost hits you.
* * * LOW HITPOINT WARNING * * *
You feel drained.
* * * LOW HITPOINT WARNING * * *
You slash pigah's ghost!
Pigah's ghost is almost destroyed.
Pigah's ghost hits you but does no damage.
You feel drained. Pigah's ghost hits you!
You die...

#....... #....... .
#......# ##'# #.. ...
#......#..... #.. ...
#......#... #.# #..
#......'. #.# #..
#.....W# #.# #..
#....@.# #.# #..
#......########.# #..
###............<#####..
#.}..........(.......
##...................
#...#######.........
#...# #....####' #...#
+....#..)) #...#
#....#....


You could see pigah's ghost.

Vanquished Creatures
  The ghost of Nathanielran1005 the Skirmisher, a novice HuFi of Okawaru (D:7)
  Pikel (D:7)
  Joseph (D:7)
  Prince Ribbit (D:7)
  2 hippogriffs
  2 hell hounds (D:9)
  3 orc warriors
  A sky beast (D:8)
  A slave (D:7)
  4 black bears
  A phantom (D:4)
  4 ogres
  2 centaurs
  The ghost of Nathanielran1005 the Skirmisher, an amateur HuFi (D:3)
  A crocodile (D:9)
  2 big kobolds
  2 bullfrogs (D:6)
  4 scorpions
  2 howler monkeys
  2 crimson imps (D:7)
  2 quasits
  6 hounds
  5 orc priests
  A gnoll shaman (D:7)
  A bullfrog skeleton (D:6)
  3 centaur skeletons
  Terence (D:2)
  8 iguanas
  23 orc wizards
  12 worker ants
  A killer bee zombie (D:8)
  14 adders
  7 gnolls
  2 river rats (Sewer)
  2 shadow imps
  2 oozes
  An adder zombie (D:8)
  4 worms
  An adder skeleton (D:4)
  A dart slug (D:2)
  3 leopard geckos
  32 orcs
  4 bats
  17 giant cockroaches
  10 goblins
  12 hobgoblins
  3 jackals (D:1)
  3 quokkas
  6 ball pythons
  7 frilled lizards
  A giant cockroach zombie (D:5)
  25 kobolds
  A quokka zombie (D:8)
  32 rats
291 creatures vanquished.

Vanquished Creatures (others)
  A slave (D:7)
  An orc wizard (D:7)
  A plant (D:6)
3 creatures vanquished.

Grand Total: 294 creatures vanquished

Notes
Turn   | Place    | Note
-------+----------+-------------------------------------------
     0 | D:1      | Othello the Hill Orc Fighter began the quest for the Orb.
     0 | D:1      | Reached XP level 1. HP: 19/19 MP: 1/1
    54 | D:1      | Reached skill level 3 in Axes
   469 | D:1      | Reached XP level 2. HP: 26/26 MP: 2/2
   513 | D:1      | Reached skill level 4 in Axes
  1003 | D:2      | Reached XP level 3. HP: 31/31 MP: 3/3
  1012 | D:2      | Reached skill level 5 in Axes
  1249 | D:2      | Reached XP level 4. HP: 39/39 MP: 4/4
  1258 | D:2      | Reached skill level 6 in Axes
  1533 | D:2      | Noticed Terence
  1546 | D:2      | Killed Terence
  1546 | D:2      | Reached skill level 7 in Axes
  1546 | D:2      | Reached XP level 5. HP: 41/45 MP: 5/5
  2104 | D:3      | Noticed Nathanielran1005's ghost (amateur HuFi)
  2115 | D:3      | Killed Nathanielran1005's ghost
  2115 | D:3      | Reached skill level 8 in Axes
  2115 | D:3      | Reached XP level 6. HP: 38/51 MP: 6/6
  2464 | D:3      | Noticed a black bear
  2476 | D:3      | Killed a black bear
  2476 | D:3      | Reached skill level 9 in Axes
  2918 | D:3      | Reached XP level 7. HP: 57/57 MP: 7/7
  3058 | D:3      | Found a sparkling altar of Nemelex Xobeh.
  3314 | D:4      | Got an encrusted trident
  3315 | D:4      | Identified the cursed +2 trident "Ytuynuam" {pierce, MR+ Str+4 Int+4} (You found it on level 4 of the Dungeon)
  3386 | D:4      | Reached skill level 10 in Axes
  3737 | D:4      | Found a shadowy altar of Dithmenos.
  3982 | D:5      | Entered Level 5 of the Dungeon
  4172 | D:5      | Reached skill level 11 in Axes
  4225 | D:5      | Found a deep blue altar of Sif Muna.
  4240 | D:5      | Reached XP level 8. HP: 49/66 MP: 8/8
  4498 | D:5      | Reached skill level 5 in Fighting
  4857 | D:5      | Reached skill level 5 in Armour
  5084 | D:5      | Noticed a hippogriff
  5094 | D:5      | Killed a hippogriff
  5531 | D:6      | Got a warped wooden ring
  5635 | D:6      | Reached XP level 9. HP: 78/79 MP: 9/9
  5639 | D:6      | Found a glowing drain.
  5661 | Sewer    | Entered a sewer
  6108 | Sewer    | Identified the ring of the Philosopher {Int+3 Stlth-} (You found it on level 6 of the Dungeon)
  6668 | D:6      | Found a staircase to the Ecumenical Temple.
  6673 | Temple   | Entered the Ecumenical Temple
  6782 | Temple   | Became a worshipper of Warmaster Okawaru
  7463 | D:7      | Reached skill level 1 in Invocations
  7463 | D:7      | Reached skill level 1 in Evocations
  7810 | D:7      | Noticed Pikel
  7841 | D:7      | Killed Pikel
  7841 | D:7      | Reached * piety under Okawaru
  7855 | D:7      | Noticed Nathanielran1005's ghost (novice HuFi)
  8032 | D:7      | Killed Nathanielran1005's ghost
  8032 | D:7      | Reached ** piety under Okawaru
  8032 | D:7      | Reached skill level 5 in Invocations
  8032 | D:7      | Reached XP level 10. HP: 86/86 MP: 11/14
  8223 | D:7      | Noticed Joseph
  8250 | D:7      | Killed Joseph
  8304 | D:7      | Noticed Prince Ribbit
  8320 | D:7      | Killed Prince Ribbit
  8795 | D:8      | Reached skill level 5 in Evocations
  8861 | D:8      | Reached *** piety under Okawaru
  8926 | D:8      | Found Liek's Food Shop.
  9761 | D:9      | Found a staircase to the Lair.
 11013 | D:10     | Entered Level 10 of the Dungeon
 11025 | D:10     | Reached skill level 10 in Armour
 11095 | D:10     | Noticed pigah's ghost (journeyman DrWn)
 11136 | D:10     | Slain by pigah's ghost

Vault maps used:
D:1:      scummos_arrival_simple_fountains, serial_bayou, serial_bayou_pond_c,
          serial_bayou_shore_a, serial_bayou_pond_b, serial_bayou_lagoon_a,
          serial_bayou_pond_a, corexii_corridor_pit
D:2:      serial_curves, eino_curves_01, eino_curves_03, uniq_terence
D:3:      minmay_roachtagon, nemelex_altar_shiori, minmay_misc_feat_roman
D:4:      first_bread, nicolae_dithmenos_through_a_glass_darkly
D:5:      serial_glass, glass_columns_a, glass_columns_b, glass_columns_a,
          led_sif_book
D:6:      minmay_temple_entry_nine_rooms, portal_sewer_entry_c,
          lexackson_kobold_supper
D:7:      uniq_joseph, uniq_pikel, uniq_prince_ribbit1
D:8:      serial_shops, shop
D:9:      minmay_lair_entry_lava
D:10:     minmay_orc_entry_guard_dogs, uniq_harold, uniq_fannar
Temple:   kilobyte_greek_temple
Sewer:    sewer_minmay_treatment

Skill      XL: |  1  2  3  4  5  6  7  8  9 10 |
---------------+-------------------------------+-----
Axes           | 3 4 5 7 8 9 11 | 11.8
Fighting       | 4 7 |  7.5
Armour         | 6 8 10 | 10.0
Invocations    | 5 7 |  7.0
Evocations     | 4 6 |  6.6
Shields        | |  3.2

Action                   |  1- 3 |  4- 6 |  7- 9 | 10-12 || total
-------------------------+-------+-------+-------+-------++-------
Melee: War axe           |   107 |   205 |    94 |   267 ||   673
       Trident           |       |       |   398 |       ||   398
Invok: Heroism           |       |       |     2 |     4 ||     6
 Abil: Evoke Berserk Rag |       |       |     3 |     8 ||    11
  Use: Scroll            |       |       |    11 |     2 ||    13
       Potion            |       |       |       |     2 ||     2
 Stab: Distracted        |       |       |     1 |       ||     1
  Eat: Chunk             |     1 |     5 |    16 |     9 ||    31
       Fruit             |       |       |     2 |       ||     2
       Meat ration       |       |       |     1 |     1 ||     2
Armor: Scale mail        |    37 |    74 |    12 |       ||   123
       Chain mail        |       |       |   252 |    99 ||   351
       Plate armour      |       |       |       |    32 ||    32
Dodge: Dodged            |    31 |    44 |   101 |    51 ||   227
Block: Shield            |    54 |   107 |   222 |   105 ||   488

Table legend:
 A = Spawn XP
 B = Non-spawn XP
 C = Spawn XP percentage of total XP
 D = Spawn monster count
 E = Non-spawn monster count
 F = Spawn count percentage of total count
 G = Total turns spent on level
                    A         B        C        D         E        F      G
               +---------+---------+-------+---------+---------+-------+---------
         Total |       0 |    8795 |   0.0 |       0 |     291 |   0.0 | 11136
               +---------+---------+-------+---------+---------+-------+---------
           D:1 |       0 |      33 |   0.0 |       0 |      20 |   0.0 |   999
           D:2 |       0 |     175 |   0.0 |       0 |      28 |   0.0 |   996
           D:3 |       0 |     411 |   0.0 |       0 |      33 |   0.0 |  1284
           D:4 |       0 |     411 |   0.0 |       0 |      17 |   0.0 |   882
           D:5 |       0 |     973 |   0.0 |       0 |      24 |   0.0 |  1153
           D:6 |       0 |     802 |   0.0 |       0 |      32 |   0.0 |  1438
           D:7 |       0 |    3144 |   0.0 |       0 |      29 |   0.0 |  1096
           D:8 |       0 |     953 |   0.0 |       0 |      30 |   0.0 |  1154
           D:9 |       0 |    1404 |   0.0 |       0 |      23 |   0.0 |  1313
          D:10 |       0 |     281 |   0.0 |       0 |       7 |   0.0 |   123
         Sewer |       0 |     208 |   0.0 |       0 |      48 |   0.0 |   481
               +---------+---------+-------+---------+---------+-------+---------
